 Dungeon Crawl Stone Soup version 0.19.5 (webtiles) character file.

40 Kosschaser the Chopper (level 3, -2/33 HPs)
             Began as a Hill Orc Berserker on May 24, 2017.
             Was a Follower of Trog.
             Slain by an adder (3 damage)
             ... on level 2 of the Dungeon.
             The game lasted 00:05:14 (1259 turns).

Kosschaser the Chopper (Hill Orc Berserker)         Turns: 1259, Time: 00:05:14

Health: -2/33      AC:  2    Str: 20    XL:     3   Next: 50%
Magic:  3/3        EV: 12    Int: 12    God:    Trog [*.....]
Gold:   73         SH:  0    Dex: 10    Spells: 0 memorised, 2 levels left

rFire  . . .     SeeInvis .     a - +0 hand axe
rCold  . . .     Gourm    .     b - +0 animal skin
rNeg   . . .     Faith    .     (no shield)
rPois  .         Spirit   .     (no helmet)
rElec  .         Reflect  .     (no cloak)
rCorr  .         Harm     .     (no gloves)
MR     .....                    (no boots)
Stlth  +.........               (no amulet)
                                (no ring)
                                (no ring)

@: brilliant, lethally poisoned (-2 -> -9)
A: no striking features
a: Berserk, Burn Spellbooks, Renounce Religion


You were on level 2 of the Dungeon.
You worshipped Trog.
Trog was aware of your devotion.
You were very hungry.

You visited 1 branch of the dungeon, and saw 2 of its levels.

You collected 73 gold pieces.

Inventory:

Hand Weapons
 a - a +0 hand axe (weapon)
Armour
 b - a +0 animal skin (worn)
Scrolls
 g - a scroll of blinking {unknown}
 h - a scroll of identify {unknown}
 k - a scroll of noise {unknown}
Potions
 f - a potion of flight {unknown}
 i - a potion of curing {unknown}
 j - a potion of cancellation {unknown}
 l - a potion of magic {unknown}
 m - a potion of ambrosia {unknown}
Comestibles
 c - 3 bread rations
 d - a meat ration


   Skills:
 + Level 4.3 Fighting
 + Level 4.9 Axes
 + Level 2.1 Armour
 + Level 1.9 Dodging


You had 2 spell levels left.
You didn't know any spells.

Dungeon Overview and Level Annotations

Branches:
Dungeon (2/15)

Altars:
Trog
Yredelemnul
The Shining One


Message History

The adder poisons you!
You hit the adder but do no damage.
The adder is almost dead.
You feel sick. The adder closely misses you. The adder bites you.
* * * LOW HITPOINT WARNING * * *
You closely miss the adder.
The adder is almost dead.
The adder bites you.
* * * LOW HITPOINT WARNING * * *
You are more poisoned.
The adder poisons you!
You closely miss the adder.
The adder is almost dead.
* * * LOW HITPOINT WARNING * * *
You feel sick. The adder bites you but does no damage.
It was a potion of brilliance.
You feel clever all of a sudden.
* * * LOW HITPOINT WARNING * * *
You feel sick. The adder bites you.
You die...

##. #............ #.#
#....#######. .. #...##
#. #.###.### #.
..##.##########.
#.##..).##..§##.
######..#....##._.##.
#.....#.#....##..§##.
#...@.#......##...##.
#..S..##.....##..§##.
#...§§##.....##...##.
.....§.§..>...###'###.
#######§§#...).#.....#.
##⌠#§##§#...#.........
#≈≈≈§≈#§....###.....##
##≈...≈#≈§...# ###'###
#⌠≈...≈#≈....# #...#


You could see an adder.

Vanquished Creatures
  An ooze (D:1)
  2 dart slugs (D:1)
  5 bats
  2 giant cockroaches (D:2)
  5 goblins
  4 hobgoblins
  2 frilled lizards
  5 kobolds
  5 rats
31 creatures vanquished.

Vanquished Creatures (others)
  A bat (D:1)
1 creature vanquished.

Grand Total: 32 creatures vanquished

Notes
Turn   | Place    | Note
-------+----------+-------------------------------------------
     0 | D:1      | Kosschaser the Hill Orc Berserker began the quest for the Orb.
     0 | D:1      | Reached XP level 1. HP: 19/19 MP: 1/1
     6 | D:1      | Noticed a swamp worm
     6 | D:1      | Noticed a salamander
     6 | D:1      | Noticed a rime drake
     6 | D:1      | Noticed a worker ant
    92 | D:1      | Reached XP level 2. HP: 12/27 MP: 2/2
   595 | D:1      | Reached XP level 3. HP: 27/33 MP: 3/3
  1081 | D:2      | Found a faded altar of an unknown god.
  1202 | D:2      | Found a bloodstained altar of Trog.
  1216 | D:2      | Found a glowing golden altar of the Shining One.
  1225 | D:2      | Found a basalt altar of Yredelemnul.
  1259 | D:2      | HP: 1/33 [poisoned by an adder]
  1259 | D:2      | Slain by an adder

Skill      XL: |  1  2 |
---------------+-------+-----
Fighting       | 4 |  4.3
Axes           | |  4.9
Armour         | |  2.1
Dodging        | |  1.9

Action                   || total
-------------------------++-------
Melee: Hand axe          ||   103
  Use: Potion            ||     1
 Stab: Sleeping          ||     1
Armor: Animal skin       ||    22
Dodge: Dodged            ||    88
